 Dungeon Crawl Stone Soup version 0.26-a0-738-g91b530ce93 (webtiles) character file.

Game seed: 6688979418806200239

169074 Gargoyl the Distorting Gnoll (level 17, -2/136 HPs)
             Began as a Gnoll Abyssal Knight on Nov 5, 2020.
             Was a Believer of Lugonu.
             Slain by kuniqs's ghost (29 damage)
             ... on level 2 of the Orcish Mines on Nov 6, 2020.
             The game lasted 01:00:15 (33226 turns).

Gargoyl the Distorting Gnoll (GnAK)                Turns: 33226, Time: 01:00:16

Health: -2/136     AC: 39    Str: 21      XL:     17   Next: 66%
Magic:  22/32      EV: 16    Int: 14 (15) God:    Lugonu [**....]
Gold:   2552       SH: 13    Dex: 21      Spells: 39/39 levels left

rFire    + + .     SeeInvis .   A - +11 spear "Jucu" {pain, rElec rC+}
rCold    + + +     Faith    .   L - +0 kite shield {AC+3}
rNeg     + . .     Spirit   .   y - +15 Maxwell's patent armour {-Cast -Tele rElec MR+ rCorr}
rPois    +         Reflect  .   Y - -2 hat of the Alchemist {rElec rPois rF+ rC+ rN+ MR+ rMut rCorr}
rElec    +         Harm     .   G - +0 cloak
rCorr    +         Rampage  .   n - +2 pair of gloves
rMut     +         NoTele   +   U - +1 pair of boots
MR       +++..     NoCast   +   q - amulet of regeneration
Stlth    +.........             T - +6 ring of dexterity
HPRegen  0.72/turn              V - ring of Tauveah {rF+ rC+}
MPRegen  0.23/turn

@: berserk cooldown, slowed, very slow
A: distributed training, fangs 1, hooves 1, repulsion field 1, sense
surroundings 1, strong nose
}: 1/15 runes: decaying
a: Depart the Abyss, Bend Space, Renounce Religion


You were on level 2 of the Orcish Mines.
You worshipped Lugonu.
Lugonu was pleased with you.
You visited 6 branches of the dungeon, and saw 26 of its levels.
You visited the Abyss 3 times.
You also visited: Ossuary and Gauntlet.

You collected 2689 gold pieces.
You spent 137 gold pieces at shops.

Inventory:

Hand Weapons
 a - a +9 hand axe of venom
 c - a +2 falchion of electrocution
 A - the +11 spear "Jucu" (weapon) {pain, rElec rC+}
   (You found it on level 9 of the Dungeon)

   In the hands of one skilled in necromantic magic, it inflicts extra damage on
   living creatures.
   It protects you from cold.
   It insulates you from electricity.
 P - the +7 spear of Peril {freeze, rElec MR+ Int+7}
   (You found it on level 6 of the Lair of Beasts)

   It has been specially enchanted to freeze those struck by it, causing extra
   injury to most foes and up to half again as much damage against particularly
   susceptible opponents.
   It can also slow down cold-blooded creatures.
   It affects your intelligence (+7).
   It insulates you from electricity.
   It affects your resistance to hostile enchantments.
Missiles
 p - 87 poisoned darts (quivered)
Armour
 n - a +2 pair of gloves (worn)
 o - a +2 helmet
 y - the +15 Maxwell's patent armour (worn) {-Cast -Tele rElec MR+ rCorr}
   (You found it on level 10 of the Dungeon)

   It insulates you from electricity.
   It affects your resistance to hostile enchantments.
   It prevents spellcasting.
   It prevents most forms of teleportation.
   It provides partial protection from all sources of acid and corrosion.
 G - a +0 cloak (worn)
 L - a +0 kite shield of protection (worn)
 U - a +1 pair of boots (worn)
 Y - the -2 hat of the Alchemist (worn) {rElec rPois rF+ rC+ rN+ MR+ rMut rCorr}
   (You found it in a Gauntlet)

   It protects you from fire.
   It protects you from cold.
   It insulates you from electricity.
   It protects you from poison.
   It protects you from negative energy.
   It affects your resistance to hostile enchantments.
   It provides partial protection from all sources of acid and corrosion.
   It protects you from mutation.
Jewellery
 d - an uncursed ring of fire
 q - an amulet of regeneration (around neck)
 s - an uncursed ring of protection from cold
 w - an uncursed ring of flight
 J - an uncursed ring of see invisible
 T - a +6 ring of dexterity (left hand)
 V - the ring of Tauveah (right hand) {rF+ rC+}
   (You found it in a Gauntlet)

   [ring of protection from cold]

   It protects you from fire.
   It protects you from cold.
 X - an uncursed ring of protection from magic
Scrolls
 b - 9 scrolls of teleportation
 i - 6 scrolls of remove curse
 l - 2 scrolls of enchant weapon
 t - 2 scrolls of fog
 u - 5 scrolls of blinking
 x - 5 scrolls of fear
 D - 6 scrolls of magic mapping
 F - a scroll of summoning
 S - 3 scrolls of identify
Potions
 f - 7 potions of curing
 g - a potion of mutation
 h - 4 potions of haste
 j - 4 potions of ambrosia
 k - 4 potions of cancellation
 m - 4 potions of magic
 r - 2 potions of might {unknown}
 z - 4 potions of flight
 E - 2 potions of resistance
 R - a potion of invisibility {unknown}


   Skills:
 + Level 13.1 Fighting
 + Level 11.6 Short Blades
 + Level 11.6 Long Blades
 + Level 12.4 Axes
 + Level 11.6 Maces & Flails
 + Level 11.6 Polearms
 + Level 11.6 Staves
 + Level 11.6 Slings
 + Level 11.6 Bows
 + Level 11.6 Crossbows
 + Level 11.6 Throwing
 + Level 12.4 Armour
 + Level 11.9 Dodging
 + Level 11.6 Stealth
 + Level 11.6 Shields
 + Level 11.6 Unarmed Combat
 + Level 11.6 Spellcasting
 + Level 10.0 Conjurations
 + Level 10.0 Hexes
 + Level 10.0 Summonings
 + Level 10.0 Necromancy
 + Level 10.0 Translocations
 + Level 10.0 Transmutations
 + Level 10.0 Fire Magic
 + Level 10.0 Ice Magic
 + Level 10.0 Air Magic
 + Level 10.0 Earth Magic
 + Level 10.0 Poison Magic
 + Level 13.2 Invocations
 + Level 11.6 Evocations


You had 39 spell levels left.
You didn't know any spells.
Your spell library contained the following spells:

 Spells                   Type           Power        Failure   Level
 Animate Skeleton         Necr           #####.       2%          1
 Beastly Appendage        Tmut           #####.       2%          1
 Foxfire                  Conj/Fire      ####         2%          1
 Magic Dart               Conj           ####         2%          1
 Pain                     Necr           ####         2%          1
 Corpse Rot               Necr/Air       N/A          4%          2
 Ensorcelled Hibernation  Hex/Ice        #####.       4%          2
 Searing Ray              Conj           #####.       4%          2
 Sublimation of Blood     Necr           #####.....   4%          2
 Confusing Touch          Hex            #####...     9%          3
 Conjure Flame            Conj/Fire      #####...     9%          3
 Dazzling Flash           Conj/Hex       #####.       9%          3
 Gell's Gravitas          Tloc           #####.....   9%          3
 Ignite Poison            Fire/Tmut/Pois #####...     9%          3
 Inner Flame              Hex/Fire       #####...     9%          3
 Ozocubu's Armour         Ice            #####...     9%          3
 Portal Projectile        Hex/Tloc       #####.       9%          3
 Stone Arrow              Conj/Erth      #####.       9%          3
 Vampiric Draining        Necr           #####.....   9%          3
 Animate Dead             Necr           #####.....   28%         4
 Dispel Undead            Necr           #####...     28%         4
 Fulminant Prism          Conj/Hex       #####.....   28%         4
 Hailstorm                Conj/Ice       #####...     28%         4
 Ice Form                 Ice/Tmut       #####...     28%         4
 Iskenderun's Mystic Bla  Conj/Tloc      #####...     28%         4
 Leda's Liquefaction      Hex/Erth       #####.....   28%         4
 Petrify                  Tmut/Erth      #####...     28%         4
 Sticky Flame             Conj/Fire      #####...     28%         4
 Agony                    Necr           #####...     61%         5
 Borgnjor's Vile Clutch   Necr/Erth      #####.....   61%         5
 Excruciating Wounds      Necr           #####.....   61%         5
 Fireball                 Conj/Fire      #####.....   61%         5
 Metabolic Englaciation   Hex/Ice        #####.....   61%         5
 Silence                  Hex/Air        #####.....   61%         5
 Summon Forest            Summ/Tloc      #####.....   61%         5
 Yara's Violent Unravell  Hex/Tmut       #####.....   61%         5
 Eringya's Noxious Bog    Tmut/Pois      #####.....   99%         6
 Hydra Form               Tmut           #####.....   99%         6
 Invisibility             Hex            #####...     99%         6
 Shadow Creatures         Summ           N/A          99%         6
 Starburst                Conj/Fire      #####.....   99%         6
 Dragon Form              Tmut           #####.....   100%        7
 Summon Hydra             Summ           #####.....   100%        7
 Discord                  Hex            #####.....   100%        8
 Ignition                 Fire           #####.....   100%        8


Dungeon Overview and Level Annotations

Branches:
Dungeon (12/15)            Temple (0/1) D:6            Lair (6/6) D:9
  Swamp (4/4) Lair:4       Shoals (1/4) Lair:2        Slime (0/5) Lair:5
    Orc (2/2) D:11            Elf (1/3) Orc:2       Ossuary (visited)
Gauntlet (visited)
  Snake: Lair:2-4    Spider: Lair:2-4

Altars:
Dithmenos
Fedhas
Kikubaaqudgha
Makhleb
Nemelex Xobeh
Okawaru
Ru
Trog
Vehumet
Xom
Yredelemnul
Beogh
Jiyva

Shops:
D:6 !   Orc:2 (**[:

Annotations:
Orc:2 kuniqs's ghost, adept MiGl
Abyss:1 Gastronok


Innate Abilities, Weirdness & Mutations

Your experience applies equally to all skills.
You have very sharp teeth.
Your uncanny sense of smell can sniff out nearby items.
You have large cloven feet.
You are surrounded by a mild repulsion field. (EV +2)
You passively map a small area around you.


Message History

Kuniqs's ghost completely misses you.
You completely miss kuniqs's ghost.
Kuniqs's ghost is lightly damaged.
You block kuniqs's ghost's attack.
You hit kuniqs's ghost but do no damage.
Kuniqs's ghost is lightly damaged.
Kuniqs's ghost hits you but does no damage.
Your Maxwell's patent armour prevents you from hitting kuniqs's ghost.
Kuniqs's ghost is lightly damaged.
You block kuniqs's ghost's attack.
You completely miss kuniqs's ghost.
Kuniqs's ghost is lightly damaged.
Kuniqs's ghost hits you!!
* * * LOW HITPOINT WARNING * * *
You closely miss kuniqs's ghost. Your bite misses kuniqs's ghost.
Kuniqs's ghost is lightly damaged.
You miss kuniqs's ghost.
Kuniqs's ghost is lightly damaged.
Kuniqs's ghost hits you!!
You die...

...[........#..........####......
....[............[......# ###....
.....[...........[.[.P..## ##....
..................[......###..._.
.............#..........P.#......
................P................
...............................##
.......##......W....∩....P....##
.......#........@.....8..P....#
............#................##
...........#..............#.##
...................P.........#
......#.....................##
............................##
.......................#.#...#
......#..#[##..........##...##
...........†)##.........##.##


You could see kuniqs's ghost.

Vanquished Creatures
  Kirke (Lair:3)
  3 azure jellies
  An orc warlord (Orc:1)
  A deep elf demonologist (Elf:1)
  A minotaur (Gauntlet)
  8 bunyips
  A deep elf annihilator (Elf:1)
  9 eleionomae
  A merfolk javelineer (Shoals:1)
  Josephine (Orc:2)
  16 hydras
  3 boulder beetles
  A ghost crab (Swamp:3)
  2 catoblepae
  2 centaur warriors
  2 ice dragons (Swamp:4)
  A merfolk aquamancer (Shoals:1)
  A dancing weapon (Elf:1)
  A deep troll shaman (Lair:6)
  A death knight (Abyss:1)
  7 alligators
  A tengu warrior (D:12)
  6 two-headed ogres
  4 death yaks (Lair:6)
  5 goliath frogs
  5 orc high priests
  4 deep elf knights (Elf:1)
  5 spriggan druids
  2 wizards (Gauntlet)
  3 bog bodies
  An orange crystal statue (Elf:1)
  3 swamp dragons
  7 deep elf archers (Elf:1)
  Pikel (D:6)
  4 orc knights
  3 orc sorcerers (Orc:2)
  2 will-o-the-wisps
  17 deep elf magi
  A salamander (shapeshifter) (D:11)
  2 cyclopes (D:11)
  2 ugly things
  2 manticores
  5 black mambas
  31 elephants
  An apocalypse crab (Abyss:1)
  2 torpor snails (Lair:2)
  11 cane toads
  3 gargoyles
  A kobold demonologist (D:11)
  A rime drake (Lair:2)
  6 freezing wraiths
  5 komodo dragons
  A tengu conjurer (D:12)
  4 merfolk (Shoals:1)
  7 trolls
  6 tyrant leeches
  3 polar bears
  10 blink frogs
  8 hornets
  A snapping turtle (Lair:2)
  4 dream sheep (Lair:2)
  2 small abominations (Abyss:1)
  6 wraiths
  2 air elementals (Elf:1)
  A shadow (D:12)
  7 spriggans (Swamp:2)
  5 water elementals
  56 yaks
  5 hogs (Lair:3)
  6 wyverns
  Eustachio (D:4)
  2 fire elementals (Elf:1)
  5 basilisks
  5 swamp worm simulacra (Swamp:4)
  A steam dragon (D:9)
  16 swamp worms
  3 vampire mosquitoes
  10 water moccasins
  A warg (Orc:1)
  An acid dragon (D:11)
  13 hydra simulacra (Swamp:4)
  4 swamp drakes
  37 orc warriors
  5 phantoms
  3 black bears
  8 ice beasts
  3 sky beasts
  3 necrophages
  14 ogres
  An eye of draining (D:9)
  11 wolves
  2 centaurs
  3 big kobolds
  2 elf zombies
  19 bullfrogs
  Blork the orc (D:4)
  2 gnoll sergeants
  2 earth elementals (Elf:1)
  2 elf skeletons (D:8)
  A wyvern skeleton (D:11)
  4 scorpions
  5 killer bees (D:8)
  2 electric eels (Lair:3)
  20 wights
  A howler monkey (D:7)
  A bullfrog zombie (D:12)
  5 centaur zombies
  3 quasits
  19 orc priests
  4 bullfrog skeletons
  6 centaur skeletons
  2 jellies
  A gnoll shaman (D:10)
  5 hounds
  28 orc wizards
  5 iguanas
  Natasha (thrice) (D:4)
  2 human skeletons (D:8)
  6 hell rats (Lair:6)
  14 worker ants
  A killer bee zombie (D:9)
  2 hound zombies
  2 hound skeletons
  3 mummies (Ossuary)
  A howler monkey zombie (D:11)
  Robin (D:4)
  29 gnolls
  2 howler monkey skeletons
  A worker ant zombie (D:8)
  18 adders
  6 shadow imps
  4 white imps
  5 ufetubi
  3 swamp drake simulacra (Swamp:4)
  An adder zombie (D:9)
  4 worms
  A dart slug (D:2)
  7 leopard geckos
  75 orcs
  5 bats
  5 giant cockroaches
  A gnoll zombie (Ossuary)
  15 goblins
  12 hobgoblins
  22 jackals
  5 quokkas
  A ball python (D:5)
  5 frilled lizards
  3 goblin zombies (Ossuary)
  4 hobgoblin zombies (Ossuary)
  24 kobolds
  2 kobold zombies (Ossuary)
  2 leopard gecko skeletons
  An orc zombie (D:8)
  A quokka skeleton (D:4)
  A quokka zombie (D:6)
  11 rats
947 creatures vanquished.

Vanquished Creatures (others)
  A blizzard demon (Gauntlet)
  2 spriggans (Swamp:4)
  A death drake (Gauntlet)
  A swamp dragon (Swamp:4)
  An unseen horror (D:11)
  A necromancer (Gauntlet)
  A centaur zombie (Gauntlet)
  A bloated husk (Swamp:1)
  2 hornets (Swamp:4)
  5 flying skulls (Gauntlet)
  A spectral hornet (Gauntlet)
  4 wolves (Gauntlet)
  18 foxfires
  45 fungi
  82 plants
166 creatures vanquished.

Grand Total: 1113 creatures vanquished

Notes
Turn   | Place    | Note
-------+----------+-------------------------------------------
     0 | Abyss:1  | Gargoyl the Gnoll Abyssal Knight began the quest for the
                  | Orb.
     0 | Abyss:1  | Reached XP level 1. HP: 23/23 MP: 3/3
    86 | Abyss:1  | Noticed a quasit
   138 | Abyss:1  | Killed a quasit
   138 | Abyss:1  | Reached XP level 2. HP: 4/29 MP: 5/5
   138 | Abyss:1  | Reached XP level 3. HP: 5/35 MP: 6/6
   212 | Abyss:1  | Noticed a rust devil
   214 | D:1      | Escaped the Abyss
   866 | D:1      | Reached * piety under Lugonu
  1660 | D:2      | Reached skill level 1 in Short Blades
  1660 | D:2      | Reached skill level 1 in Long Blades
  1660 | D:2      | Reached skill level 1 in Maces & Flails
  1660 | D:2      | Reached skill level 1 in Polearms
  1660 | D:2      | Reached skill level 1 in Staves
  1660 | D:2      | Reached skill level 1 in Slings
  1660 | D:2      | Reached skill level 1 in Bows
  1660 | D:2      | Reached skill level 1 in Crossbows
  1660 | D:2      | Reached skill level 1 in Throwing
  1660 | D:2      | Reached skill level 1 in Stealth
  1660 | D:2      | Reached skill level 1 in Shields
  1660 | D:2      | Reached skill level 1 in Unarmed Combat
  1660 | D:2      | Reached skill level 1 in Spellcasting
  1660 | D:2      | Reached skill level 1 in Evocations
  1766 | D:2      | Reached XP level 4. HP: 41/41 MP: 7/7
  1969 | D:2      | Found a shadowy altar of Dithmenos.
  1975 | D:2      | Reached skill level 1 in Conjurations
  1975 | D:2      | Reached skill level 1 in Hexes
  1975 | D:2      | Reached skill level 1 in Summonings
  1975 | D:2      | Reached skill level 1 in Necromancy
  1975 | D:2      | Reached skill level 1 in Translocations
  1975 | D:2      | Reached skill level 1 in Transmutations
  1975 | D:2      | Reached skill level 1 in Fire Magic
  1975 | D:2      | Reached skill level 1 in Ice Magic
  1975 | D:2      | Reached skill level 1 in Air Magic
  1975 | D:2      | Reached skill level 1 in Earth Magic
  1975 | D:2      | Reached skill level 1 in Poison Magic
  2025 | D:2      | Reached ** piety under Lugonu
  2152 | D:2      | Reached XP level 5. HP: 21/47 MP: 8/8
  3066 | D:3      | Gained mutation: Your spells are a little harder to cast,
                  | but a little more powerful. [potion of mutation]
  3066 | D:3      | Gained mutation: You are partially covered in large bone
                  | plates. (SH +4) [potion of mutation]
  3124 | D:3      | Found a burning altar of Makhleb.
  3460 | D:3      | Reached skill level 5 in Invocations
  3470 | D:3      | Reached XP level 6. HP: 30/53 MP: 9/9
  4112 | D:3      | Reached *** piety under Lugonu
  4179 | D:3      | Noticed a balrug
  4316 | D:3      | Noticed an ice beast
  4343 | D:3      | Killed an ice beast
  4343 | D:3      | Reached skill level 5 in Axes
  4343 | D:3      | Reached skill level 5 in Armour
  4467 | D:3      | Found a blossoming altar of Fedhas.
  4623 | D:4      | Noticed Robin
  4662 | D:4      | Killed Robin
  4731 | D:4      | Noticed Eustachio
  4754 | D:4      | Killed Eustachio
  4754 | D:4      | Reached XP level 7. HP: 45/60 MP: 10/10
  5277 | D:4      | Noticed Natasha
  5291 | D:4      | Killed Natasha
  5457 | D:4      | Noticed Blork the orc
  5467 | D:4      | Killed Blork the orc
  5507 | D:4      | Noticed Natasha
  5516 | D:4      | Killed Natasha
  5552 | D:4      | Noticed Natasha
  5558 | D:4      | Killed Natasha
  5809 | D:5      | Entered Level 5 of the Dungeon
  5871 | D:5      | Reached XP level 8. HP: 67/67 MP: 12/12
  6428 | D:5      | Reached **** piety under Lugonu
  7423 | D:5      | Found an ancient bone altar of Kikubaaqudgha.
  7929 | D:6      | Reached XP level 9. HP: 68/72 MP: 14/14
  8070 | D:6      | Found a staircase to the Ecumenical Temple.
  8331 | D:6      | Found Qaataave's Distillery.
  8503 | D:6      | Noticed a moth of wrath
  8506 | D:6      | Found a bloodstained altar of Trog.
  8628 | D:6      | Reached skill level 5 in Dodging
  8774 | D:6      | Found a shimmering altar of Xom.
  8798 | D:7      | Noticed Pikel
  8828 | D:6      | Killed Pikel
  8881 | D:7      | Reached ***** piety under Lugonu
  9162 | D:7      | Reached XP level 10. HP: 61/79 MP: 17/17
  9618 | D:7      | Reached skill level 5 in Short Blades
  9618 | D:7      | Reached skill level 5 in Long Blades
  9618 | D:7      | Reached skill level 5 in Maces & Flails
  9618 | D:7      | Reached skill level 5 in Polearms
  9618 | D:7      | Reached skill level 5 in Staves
  9618 | D:7      | Reached skill level 5 in Slings
  9618 | D:7      | Reached skill level 5 in Bows
  9618 | D:7      | Reached skill level 5 in Crossbows
  9618 | D:7      | Reached skill level 5 in Throwing
  9618 | D:7      | Reached skill level 5 in Stealth
  9618 | D:7      | Reached skill level 5 in Shields
  9618 | D:7      | Reached skill level 5 in Unarmed Combat
  9618 | D:7      | Reached skill level 5 in Spellcasting
  9618 | D:7      | Reached skill level 5 in Evocations
  9881 | D:8      | Found a sand-covered staircase.
  9893 | Ossuary  | Entered an ossuary
 10347 | D:8      | You fall into a shaft and drop 2 floors!
 10347 | D:10     | Entered Level 10 of the Dungeon
 10379 | D:9      | Found a radiant altar of Vehumet.
 10380 | D:9      | Found a basalt altar of Yredelemnul.
 10609 | D:9      | Noticed a two-headed ogre
 10667 | D:9      | HP: 1/82 [two-headed ogre/cursed -2 giant spiked club (5)]
 10677 | D:9      | Killed a two-headed ogre
 10881 | D:9      | Paralysed by a hornet for 3 turns
 11109 | D:8      | Noticed Gastronok
 11110 | D:8      | Banished Gastronok
 11110 | D:8      | Reached skill level 5 in Conjurations
 11110 | D:8      | Reached skill level 5 in Hexes
 11110 | D:8      | Reached skill level 5 in Summonings
 11110 | D:8      | Reached skill level 5 in Necromancy
 11110 | D:8      | Reached skill level 5 in Translocations
 11110 | D:8      | Reached skill level 5 in Transmutations
 11110 | D:8      | Reached skill level 5 in Fire Magic
 11110 | D:8      | Reached skill level 5 in Ice Magic
 11110 | D:8      | Reached skill level 5 in Air Magic
 11110 | D:8      | Reached skill level 5 in Earth Magic
 11110 | D:8      | Reached skill level 5 in Poison Magic
 11110 | D:8      | Reached XP level 11. HP: 78/89 MP: 18/20
 11150 | D:8      | Noticed a two-headed ogre
 11160 | D:8      | Killed a two-headed ogre
 12070 | D:9      | Noticed a two-headed ogre
 12245 | D:8      | Killed a two-headed ogre
 12486 | D:9      | Noticed a purple ugly thing
 12504 | D:9      | Killed a purple ugly thing
 12612 | D:9      | Found a staircase to the Lair.
 12666 | D:9      | Found a sacrificial altar of Ru.
 12685 | D:9      | Got an ancient spear
 12686 | D:9      | Identified the +11 spear "Jucu" {pain, rElec rC+} (You
                  | found it on level 9 of the Dungeon)
 12882 | D:9      | Reached ****** piety under Lugonu
 13017 | D:9      | Got a heavily runed leather armour
 13029 | D:9      | Identified the cursed +0 leather armour of Viagale {rF+}
                  | (You found it on level 9 of the Dungeon)
 13363 | D:10     | Reached XP level 12. HP: 83/96 MP: 22/22
 13435 | D:10     | Found the +15 Maxwell's patent armour {-Cast -Tele rElec
                  | MR+ rCorr}
 13772 | Lair:1   | Entered Level 1 of the Lair of Beasts
 14811 | Lair:2   | Reached skill level 10 in Fighting
 15341 | Lair:2   | Found a staircase to the Shoals.
 15517 | Lair:2   | Reached XP level 13. HP: 100/103 MP: 24/24
 16429 | Lair:3   | Reached skill level 10 in Invocations
 16497 | Lair:3   | Lost mutation: You are partially covered in large bone
                  | plates. (SH +4) [potion of mutation]
 16497 | Lair:3   | Lost mutation: Your spells are a little harder to cast, but
                  | a little more powerful. [potion of mutation]
 16497 | Lair:3   | Gained mutation: You have large cloven feet. [potion of
                  | mutation]
 16497 | Lair:3   | Gained mutation: You passively map a small area around you.
                  | [potion of mutation]
 16497 | Lair:3   | Gained mutation: You are surrounded by a mild repulsion
                  | field. (EV +2) [potion of mutation]
 16742 | Lair:4   | Noticed Kirke
 16794 | Lair:3   | Killed Kirke
 17255 | Lair:4   | Found a staircase to the Swamp.
 17386 | Lair:4   | Got a crystal hand axe
 17387 | Lair:4   | Identified the +3 hand axe of the Final Stories {vorpal,
                  | *Slow rPois rN+ Str+4} (You found it on level 4 of the Lair
                  | of Beasts)
 18001 | Lair:5   | Found a viscous altar of Jiyva.
 18001 | Lair:5   | Found a staircase to the Slime Pits.
 18336 | Lair:5   | Reached XP level 14. HP: 111/111 MP: 26/26
 18350 | Lair:5   | Reached skill level 10 in Axes
 18350 | Lair:5   | Reached skill level 10 in Armour
 18883 | Lair:6   | Entered Level 6 of the Lair of Beasts
 20385 | Lair:6   | Got a bloodstained spear
 20386 | Lair:6   | Identified the +7 spear of Peril {freeze, rElec MR+ Int+7}
                  | (You found it on level 6 of the Lair of Beasts)
 20740 | D:11     | Reached skill level 10 in Dodging
 20789 | D:11     | Reached XP level 15. HP: 105/119 MP: 28/28
 20813 | D:11     | Identified Odyi's Incunabulum of Confrontation
 20949 | D:11     | Paralysed by a hornet for 1 turns
 21055 | D:11     | Found a sparkling altar of Nemelex Xobeh.
 21499 | D:11     | Found a staircase to the Orcish Mines.
 21508 | D:11     | Found a roughly hewn altar of Beogh.
 22007 | Orc:1    | Entered Level 1 of the Orcish Mines
 22379 | Orc:2    | Entered Level 2 of the Orcish Mines
 22381 | Orc:2    | Noticed Josephine
 22402 | Orc:2    | Killed Josephine
 22495 | Orc:2    | Found a staircase to the Elven Halls.
 22549 | Orc:2    | Reached skill level 10 in Short Blades
 22549 | Orc:2    | Reached skill level 10 in Long Blades
 22549 | Orc:2    | Reached skill level 10 in Maces & Flails
 22549 | Orc:2    | Reached skill level 10 in Polearms
 22549 | Orc:2    | Reached skill level 10 in Staves
 22549 | Orc:2    | Reached skill level 10 in Slings
 22549 | Orc:2    | Reached skill level 10 in Bows
 22549 | Orc:2    | Reached skill level 10 in Crossbows
 22549 | Orc:2    | Reached skill level 10 in Throwing
 22549 | Orc:2    | Reached skill level 10 in Stealth
 22549 | Orc:2    | Reached skill level 10 in Shields
 22549 | Orc:2    | Reached skill level 10 in Unarmed Combat
 22549 | Orc:2    | Reached skill level 10 in Spellcasting
 22549 | Orc:2    | Reached skill level 10 in Evocations
 22557 | Orc:2    | Found Siosihoz's Antique Weapon Shop.
 22561 | Orc:2    | Found Rawef's General Store.
 22867 | Orc:2    | Found Zappaf's Antique Armour Shop.
 22995 | Orc:2    | Bought a potion of heal wounds for 55 gold pieces
 22995 | Orc:2    | Bought a scroll of enchant armour for 82 gold pieces
 23001 | Orc:2    | Found Cyla's Book Shop.
 23042 | Orc:2    | Found a roughly hewn altar of Beogh.
 23081 | Orc:2    | Noticed an orc warlord
 23115 | Orc:1    | HP: 6/120 [orc high priest/divine providence (15)]
 23305 | Orc:1    | Killed an orc warlord
 23664 | Orc:2    | Found Lioporis's General Store.
 23987 | Swamp:1  | Entered Level 1 of the Swamp
 24075 | Shoals:1 | Entered Level 1 of the Shoals
 25329 | Swamp:2  | Reached XP level 16. HP: 44/127 MP: 30/30
 27610 | Swamp:4  | Entered Level 4 of the Swamp
 28094 | Swamp:4  | Noticed an azure jelly
 28114 | Swamp:4  | Killed an azure jelly
 29160 | Swamp:4  | Noticed an azure jelly
 29181 | Swamp:4  | Killed an azure jelly
 29484 | Swamp:4  | Got a decaying rune of Zot
 29906 | D:12     | Reached XP level 17. HP: 135/135 MP: 32/32
 29928 | D:12     | Found a gate leading to a gauntlet.
 29946 | Gauntlet | Entered a Gauntlet
 29946 | Gauntlet | Found a transporter.
 29950 | Gauntlet | Found a transporter.
 29951 | Gauntlet | Found a transporter.
 29955 | Gauntlet | Found a runed translucent door.
 29965 | Gauntlet | Found a runed translucent door.
 29968 | Gauntlet | Found a transporter.
 29970 | Gauntlet | Found a transporter.
 29980 | Gauntlet | Found a transporter.
 29996 | Gauntlet | Found a transporter.
 30006 | Gauntlet | Found the +2 cloak of the Thief {*Fog Slay-2 SInv Stlth+}
 30006 | Gauntlet | Found a transporter.
 30012 | Gauntlet | Found a transporter.
 30014 | Gauntlet | Found a transporter.
 30017 | Gauntlet | Corrupted Gauntlet
 30097 | Gauntlet | Found a transporter.
 30180 | Gauntlet | Got a faintly glowing copper ring
 30181 | Gauntlet | Identified the Almanac of Icy Curses
 30188 | Gauntlet | Identified the ring of Tauveah {rF+ rC+} (You found it in a
                  | Gauntlet)
 30200 | Gauntlet | Found a transporter.
 30214 | Gauntlet | Found a transporter.
 30225 | Gauntlet | Found a transporter.
 30320 | Gauntlet | Got a slimy hat
 30332 | Gauntlet | Identified the +0 hat of a Billion Wonders {*Corrode rF+
                  | Int+5} (You found it in a Gauntlet)
 30369 | Gauntlet | Found the -2 hat of the Alchemist {rElec rPois rF+ rC+ rN+
                  | MR+ rMut rCorr}
 30377 | Gauntlet | Identified the Almanac of Flamy Transformation
 30381 | Gauntlet | Identified the Papyrus of Beguiling
 31224 | Elf:1    | Entered Level 1 of the Elven Halls
 31522 | Elf:1    | Escaped the Abyss
 31824 | Elf:1    | Found a runed translucent gate.
 31824 | Elf:1    | Found a runed translucent gate.
 31835 | Elf:1    | Found a runed translucent gate.
 31842 | Elf:1    | Noticed kuniqs's ghost (adept MiGl)
 32004 | Elf:1    | Identified the amulet "Nalufel" {Reflect rElec rN+ Str+2
                  | SH+5}
 32006 | Elf:1    | Found an iron altar of Okawaru.
 32879 | Elf:1    | Reached skill level 10 in Conjurations
 32879 | Elf:1    | Reached skill level 10 in Hexes
 32879 | Elf:1    | Reached skill level 10 in Summonings
 32879 | Elf:1    | Reached skill level 10 in Necromancy
 32879 | Elf:1    | Reached skill level 10 in Translocations
 32879 | Elf:1    | Reached skill level 10 in Transmutations
 32879 | Elf:1    | Reached skill level 10 in Fire Magic
 32879 | Elf:1    | Reached skill level 10 in Ice Magic
 32879 | Elf:1    | Reached skill level 10 in Air Magic
 32879 | Elf:1    | Reached skill level 10 in Earth Magic
 32879 | Elf:1    | Reached skill level 10 in Poison Magic
 33143 | Abyss:1  | Noticed a tentacled starspawn
 33145 | Orc:2    | Escaped the Abyss
 33226 | Orc:2    | Slain by kuniqs's ghost

Illustrated notes

Levels and vault maps discovered:
D:1:      minmay_arrival_up_and_down, layout_basic, minmay_splitting_lines,
          minmay_unequal
D:2:      layout_basic, lemuel_doored_altar, hangedman_abyss_or_decor_stabs,
          kennysheep_generic_room_10
D:3:      layout_loops_corners, lemuel_coloured_pillars_altar,
          makhleb_altar_promises_db
D:4:      layout_loops_ring, minmay_mini_jars, uniq_eustachio, uniq_robin,
          uniq_blork_the_orc, uniq_natasha
D:5:      layout_layer_cave, lemuel_crystal_altar
D:6:      layout_basic, tgw_trog, nicolae_overflow_hidden_temple,
          minmay_temple_entry_ruins, serial_shops, kennysheep_little_box
D:7:      layout_gridville, kennysheep_generic_room_9, uniq_pikel
D:8:      layout_basic, nicolae_ossuary_entry_catacombs, uniq_gastronok
D:9:      cheibrodos_ideogram_h, layout_long_grid, nicolae_ru_awakened_eye,
          minitemple, david_lair_shrubbed
D:10:     layout_long_grid
D:11:     minmay_the_grid_triangle_9x9_rhombus_full_mashed
          [minmay_the_grid_triangle_9x9_odd_lines,
          minmay_the_grid_triangle_9x9_impossible_snake,
          minmay_the_grid_triangle_9x9_flanged_cone,
          minmay_the_grid_triangle_9x9_windchime,
          minmay_the_grid_triangle_9x9_descending_squares,
          minmay_the_grid_triangle_9x9_sprig,
          minmay_the_grid_triangle_9x9_limited_checkers,
          minmay_the_grid_triangle_9x9_prize_top_heavy], layout_loops_corners,
          minmay_orc_entry_temple_small, basic_altar, kennysheep_generic_room_6
D:12:     layout_cave_pools, gauntlet_entry_generic, minmay_pinched_square
Lair:1:   layout_big_grid
Lair:2:   layout_layer_cave, minmay_shoals_entry_hut
Lair:3:   layout_regular_city, serial_bayou_shore_a
Lair:4:   layout_long_grid, minmay_swamp_entry_worms, uniq_kirke
Lair:5:   layout_cave_pods, dpeg_slime_entry_enclosed_altar
Lair:6:   grunt_lair_end_beastmaster, layout_gridlike,
          chequers_serial_rivers_marsh
Swamp:1:  layout_basic_swamp, evilmike_swamp_ruin_house_1,
          infiniplex_staircase_pool_2
Swamp:2:  layout_basic_swamp, infiniplex_staircase_pool
Swamp:3:  layout_basic_swamp, hangedman_swamp_cone, swamp_pool4
Swamp:4:  swamp_icy, layout_basic_swamp, swamp_pool5
Shoals:1: layout_shoals
Orc:1:    layout_diamond_mine
Orc:2:    grunt_orc_gardens, layout_caves, grunt_orc_garden, grunt_orc_garden,
          grunt_orc_garden, grunt_orc_garden, basic_altar, serial_shops, shop,
          uniq_josephine
Elf:1:    minmay_elf_arrival_summoners, layout_loops_cross,
          gammafunk_ghost_fury_of_okawaru, portal_ice_cave_entry_frozen_things,
          evilmike_minifort, minivault_16

Skill      XL: |  1  2  3  4  5  6  7  8  9 10 11 12 13 14 15 16 17 |
---------------+----------------------------------------------------+-----
Short Blades   | 1 2 3 4 6 7 8 9 10 11 | 11.6
Long Blades    | 1 2 3 4 6 7 8 9 10 11 | 11.6
Maces & Flails | 1 2 3 4 6 7 8 9 10 11 | 11.6
Polearms       | 1 2 3 4 6 7 8 9 10 11 | 11.6
Staves         | 1 2 3 4 6 7 8 9 10 11 | 11.6
Slings         | 1 2 3 4 6 7 8 9 10 11 | 11.6
Bows           | 1 2 3 4 6 7 8 9 10 11 | 11.6
Crossbows      | 1 2 3 4 6 7 8 9 10 11 | 11.6
Throwing       | 1 2 3 4 6 7 8 9 10 11 | 11.6
Stealth        | 1 2 3 4 6 7 8 9 10 11 | 11.6
Shields        | 1 2 3 4 6 7 8 9 10 11 | 11.6
Unarmed Combat | 1 2 3 4 6 7 8 9 10 11 | 11.6
Spellcasting   | 1 2 3 4 6 7 8 9 10 11 | 11.6
Evocations     | 1 2 3 4 6 7 8 9 10 11 | 11.6
Conjurations   | 1 2 3 5 6 7 8 9 10 | 10.0
Hexes          | 1 2 3 5 6 7 8 9 10 | 10.0
Summonings     | 1 2 3 5 6 7 8 9 10 | 10.0
Necromancy     | 1 2 3 5 6 7 8 9 10 | 10.0
Translocations | 1 2 3 5 6 7 8 9 10 | 10.0
Transmutations | 1 2 3 5 6 7 8 9 10 | 10.0
Fire Magic     | 1 2 3 5 6 7 8 9 10 | 10.0
Ice Magic      | 1 2 3 5 6 7 8 9 10 | 10.0
Air Magic      | 1 2 3 5 6 7 8 9 10 | 10.0
Earth Magic    | 1 2 3 5 6 7 8 9 10 | 10.0
Poison Magic   | 1 2 3 5 6 7 8 9 10 | 10.0
Dodging        | 3 4 5 6 7 8 9 10 11 | 11.9
Invocations    | 5 6 7 8 9 10 11 12 13 | 13.2
Axes           | 5 6 7 8 9 10 11 12 | 12.4
Armour         | 5 6 7 8 9 10 11 12 | 12.4
Fighting       | 7 8 9 10 11 12 13 | 13.1

Action                   |  1- 3 |  4- 6 |  7- 9 | 10-12 | 13-15 | 16-18 || total
-------------------------+-------+-------+-------+-------+-------+-------++-------
Melee: Hand axe          |    78 |   221 |   527 |   822 |  1225 |   999 ||  3872
       Bite              |     2 |    26 |    73 |   146 |   221 |   200 ||   668
       Punch             |       |       |     5 |       |       |       ||     5
       Spear             |       |       |       |   118 |   117 |   174 ||   409
       Kick              |       |       |       |       |   518 |   111 ||   629
Throw: Dart              |       |       |       |    17 |    21 |    16 ||    54
Invok: Depart the Abyss  |     1 |       |       |       |       |     2 ||     3
       Banish            |       |       |       |     4 |       |    13 ||    17
       Bend Space        |       |       |       |     1 |     4 |       ||     5
       Enter the Abyss   |       |       |       |       |       |     2 ||     2
       Corrupt           |       |       |       |       |       |     1 ||     1
  Use: Potion            |     1 |     1 |     2 |     2 |     3 |     8 ||    17
       Scroll            |     6 |    11 |     2 |    14 |    15 |     3 ||    51
 Stab: Sleeping          |       |     3 |     1 |       |       |       ||     4
       Petrified         |       |       |       |       |     7 |       ||     7
       Petrifying        |       |       |       |       |     1 |       ||     1
Armor: Leather armour    |    34 |    23 |       |       |       |       ||    57
       Ring mail         |       |    29 |    57 |       |       |       ||    86
       Skin              |       |       |     1 |       |       |       ||     1
       Chain mail        |       |       |    46 |       |       |       ||    46
       Plate armour      |       |       |   150 |   462 |   964 |   650 ||  2226
Dodge: Dodged            |    98 |   178 |   211 |   210 |   702 |   555 ||  1954
Block: Other             |       |    30 |    68 |       |       |       ||    98
       Kite shield       |       |       |   184 |   717 |   950 |   713 ||  2564

Table legend: (Time is in decaauts)
 A = Elapsed time spent in this place.
 B = Non-inter-level travel time spent in this place.
 C = Inter-level travel time spent in this place.
 D = Time resting spent in this place.
 E = Time spent auto-exploring this place.
 F = Levels seen in this place.
 G = Mean time per level.
                   A        B        C        D        E       F      G
               +--------+--------+--------+--------+--------+-----+--------+
         Total |  32989 |  31333 |   1656 |   5616 |  17104 |  31 | 1064.2 |
       Dungeon |  15605 |  14921 |    684 |   1501 |   9425 |  12 | 1300.4 |
          Lair |   7169 |   6486 |    683 |    805 |   4241 |   6 | 1194.8 |
         Swamp |   5242 |   5037 |    205 |   2056 |   1742 |   4 | 1310.5 |
        Shoals |    144 |    134 |     10 |     12 |     34 |   1 |  144.0 |
  Orcish Mines |   1977 |   1904 |     73 |    593 |    684 |   2 |  988.5 |
   Elven Halls |   1317 |   1317 |      0 |    334 |    528 |   1 | 1317.0 |
         Abyss |    628 |    628 |      0 |    311 |    160 |   3 |  209.3 |
       Ossuary |    439 |    439 |      0 |      3 |    277 |   1 |  439.0 |
      Gauntlet |    464 |    464 |      0 |      0 |     10 |   1 |  464.0 |
               +--------+--------+--------+--------+--------+-----+--------+

Top non-repeatable levels by time:
 Swamp:4: 1851 daAuts
     D:5: 1817 daAuts
  Lair:2: 1811 daAuts
     D:9: 1800 daAuts
     D:3: 1560 daAuts
    D:11: 1523 daAuts
 Swamp:3: 1495 daAuts
     D:1: 1448 daAuts
     D:2: 1396 daAuts
     D:4: 1363 daAuts
   Elf:1: 1317 daAuts
  Lair:3: 1296 daAuts
  Lair:6: 1274 daAuts
     D:8: 1173 daAuts
  Lair:5: 1151 daAuts
